 Dungeon Crawl Stone Soup version 0.28.0 (webtiles) character file.

Game seed: 42349739924938067

10836 danielguo94 the Basher (level 11, -21/68 HPs)
             Began as a Gargoyle Fighter on Feb 5, 2022.
             Was a Priest of the Shining One.
             Demolished by a stone giant (23 damage)
             ... on level 10 of the Dungeon.
             The game lasted 00:20:38 (13713 turns).

danielguo94 the Basher (Gargoyle Fighter)          Turns: 13713, Time: 00:20:38

Health: -21/68     AC: 19    Str: 23    XL:     11   Next: 68%
Magic:  14/14      EV: 11    Int:  8    God:    the Shining One [***...]
Gold:   318        SH:  5    Dex: 11    Spells: 10/10 levels left

rFire   . . .      SeeInvis .   a - +0 flail
rCold   . . .      Faith    .   c - +0 buckler
rNeg    + + .      Spirit   .   b - +0 scale mail
rPois   ∞          Reflect  .   z - +2 hat
rElec   +          Harm     .   (no cloak)
rCorr   .          Rampage  .   (no gloves)
Will    .....                   y - +0 pair of boots
Stlth   ..........              (no amulet)
HPRegen 0.21/turn               (no ring)
MPRegen 0.14/turn               (no ring)

@: glowing
A: sickness immunity, AC +8, negative energy resistance 1, electricity
resistance, torment resistance 1, petrification resistance
a: Renounce Religion, Divine Shield, Cleansing Flame


You were on level 10 of the Dungeon.
You worshipped the Shining One.
The Shining One was most pleased with you.
You visited 2 branches of the dungeon, and saw 11 of its levels.
You also visited: Sewer.

You collected 610 gold pieces.
You spent 292 gold pieces at shops.

Inventory:

Hand Weapons
 a - a +0 flail (weapon)
Missiles
 e - 331 stones
 h - a curare-tipped dart
 o - 2 throwing nets
 r - 47 poisoned darts (quivered)
 C - 3 boomerangs
Armour
 b - a +0 scale mail (worn)
 c - a +0 buckler (worn)
 y - a +0 pair of boots (worn)
 z - a +2 hat (worn)
Jewellery
 H - a ring of resist corrosion
Wands
 q - a wand of digging (7)
 v - a wand of paralysis (9)
 w - a wand of flame (3)
 A - a wand of polymorph (7)
 D - a wand of iceblast (5)
 F - a wand of acid (3)
Scrolls
 l - a scroll of fog
 n - a scroll of brand weapon
 u - 2 scrolls of vulnerability
Potions
 f - a potion of berserk rage
 g - a potion of mutation
 i - 4 potions of brilliance {unknown}
 j - 3 potions of curing
 k - a potion of resistance {unknown}
 m - 3 potions of haste
 p - a potion of experience {unknown}
 s - 2 potions of flight
 t - 5 potions of heal wounds
 x - a potion of invisibility {unknown}


   Skills:
 + Level 7.9 Fighting
 * Level 13.4 Maces & Flails
 + Level 8.0 Armour
 + Level 3.8 Dodging
 + Level 6.1 Shields
 * Level 4.2 Invocations
 + Level 1.5 Evocations


You had 10 spell levels left.
You didn't know any spells.
Your spell library contained the following spells:

 Spells                   Type           Power      Damage    Failure   Level
 Ensorcelled Hibernation  Hex/Ice        0%         N/A       88%         2
 Passwall                 Tmut/Erth      0%         N/A       88%         2
 Swiftness                Air            0%         N/A       98%         3


Dungeon Overview and Level Annotations

Branches:
Dungeon (10/15)            Temple (1/1) D:7           Sewer (visited)
   Lair: D:8-11         Orc: D:9-12

Altars:
Ashenzari
Cheibriados
Dithmenos
Elyvilon
Fedhas
Gozag
Hepliaklqana
Kikubaaqudgha
Makhleb
Nemelex Xobeh
Okawaru
Qazlal
Ru
Sif Muna
Trog
Uskayaw
Vehumet
Wu Jian
Xom
Yredelemnul
Zin
The Shining One

Shops:
D:2 ?   D:6 !

Annotations:
D:8 3 runed translucent doors, Gibbon's ghost, novice DrCj


Innate Abilities, Weirdness & Mutations

You are immune to sickness and miasma.
Your stone body is resilient. (AC +8)
You are immune to poison.
You resist negative energy. (rN+)
You are resistant to electric shocks. (rElec)
You are resistant to unholy torment.
You are immune to petrification.


Message History

The creatures around you are filled with an inner flame!
It was a scroll of immolation.
The two-headed ogre barely misses you. x2
As you read the scroll labelled ZUZAUC VAIRCH, it crumbles to dust.
You hear a loud clanging noise!
It was a scroll of noise.
Blink to where?
Press: ? - help, Dir - move target
As you read the scroll labelled POXTOMAL CATZI, it crumbles to dust.
It was a scroll of blinking.
Unknown command.
The stone giant throws a large rock.
The large rock hits you!
* * * LOW HITPOINT WARNING * * *
As you read the scroll labelled OLICIX UZAANEL, it crumbles to dust.
It is a scroll of amnesia.
You feel forgetful for a moment. The stone giant hits you!!
* * * LOW HITPOINT WARNING * * *
You hit the stone giant.
Flame seeps out of the stone giant.
The stone giant is lightly wounded.
The stone giant is engulfed in blazing flames.
Flame seeps out of the stone giant.
You block the stone giant's attack.
Unknown command.
Unknown command.
You sock the stone giant!
Flame seeps out of the stone giant.
The stone giant is moderately wounded.
The stone giant is engulfed in blazing flames.
Flame seeps out of the stone giant.
The stone giant hits you!! The Shining One protects you from harm!
You hit the stone giant.
Flame seeps out of the stone giant.
The stone giant is moderately wounded.
You hit the stone giant but do no damage.
The stone giant is moderately wounded.
The stone giant is engulfed in blazing flames.
Flame seeps out of the stone giant.
The stone giant misses you.
Unknown command.
You hit the stone giant but do no damage.
The stone giant is heavily wounded.
The stone giant is engulfed in blazing flames.
Flame seeps out of the stone giant.
The stone giant hits you!!
You die...

.*,,,,,*.# *#♣.♣#* *.Z#,*,
.#######.#♣♣♣♣♣♣...♣♣♣♣♣♣ *CC#,*,
.........#♣.♣.♣.≈≈≈.♣.♣.♣###§#,*,
.........#..§...≈≈≈.....C..#§#,*,
.........#♣.♣.♣.≈≈≈.♣.♣.♣#.#§##*,
......)..#♣♣♣♣♣♣.O.♣♣♣♣♣♣#.#§§#*,
......)..# #####♣C♣##### #C#§§#*,
......)<.#♣♣....♣C♣....♣♣#)##§##,
......)..#♣....♣@♣.♣....♣#.C§§§#,
.........#.....♣♣♣♣♣.....#.♣♣♣§#,
.........#♣....♣.♣)♣)...♣#.....#,
.........#♣♣....♣.♣.)..♣♣#######,
######...########.#######*,,,,,,,
* #...................,,,,,,,, *
#...................,,,,,,,* *
#...................,,,,,,,* *
##......############***,,***


You could see a frost giant (inner flame), a stone giant (inner flame) and a
two-headed ogre (inner flame).

Vanquished Creatures
  5 two-headed ogres
  3 kobold demonologists
  2 trolls (D:10)
  A hornet (D:8)
  Grinder (D:6)
  9 yaks
  A wraith (D:8)
  A steam dragon (D:8)
  A vampire mosquito (D:10)
  2 water moccasins
  3 orc warriors
  A black bear (D:5)
  A hornet zombie (D:8)
  An ice beast (D:8)
  2 sky beasts
  3 necrophages
  3 ogres
  A centaur (D:10)
  5 kobold brigands
  2 bullfrogs
  2 scorpions
  A gnoll sergeant (D:10)
  2 wyvern skeletons (D:6)
  2 water moccasin zombies (D:6)
  A water moccasin skeleton (D:6)
  A killer bee (D:10)
  12 wights
  An electric eel (D:6)
  A howler monkey (D:9)
  6 centaur zombies
  2 bullfrog zombies (D:6)
  2 bullfrog skeletons (D:6)
  A centaur skeleton (D:7)
  A human zombie (D:4)
  2 jellies
  4 orc priests
  2 gnoll shamans (D:6)
  5 hounds
  Ijyb (D:5)
  Natasha (thrice) (D:3)
  2 scorpion zombies
  3 iguanas
  5 orc wizards
  A killer bee zombie (D:6)
  A hound skeleton (D:5)
  5 mummies (D:4)
  Robin (D:3)
  2 howler monkey skeletons
  13 gnolls
  2 howler monkey zombies (D:6)
  2 adders
  A river rat (Sewer)
  A white imp (D:8)
  An adder zombie (D:4)
  3 worms
  A dart slug (D:3)
  23 orcs
  4 bats
  6 endoplasms
  6 giant cockroaches
  25 goblins
  8 hobgoblins
  5 jackals
  6 quokkas
  11 ball pythons
  3 frilled lizards (D:1)
  A jackal zombie (D:4)
  25 kobolds
  8 rats
275 creatures vanquished.

Vanquished Creatures (others)
  10 plants (D:2)
  17 withered plants
27 creatures vanquished.

Grand Total: 302 creatures vanquished

Notes
Turn   | Place    | Note
-------+----------+-------------------------------------------
     0 | D:1      | danielguo94 the Gargoyle Fighter began the quest for the
                  | Orb.
     0 | D:1      | Reached XP level 1. HP: 14/14 MP: 1/1
   196 | D:1      | Reached XP level 2. HP: 12/19 MP: 2/2
   595 | D:2      | Found Uvahy's Magic Scroll Shop.
   614 | D:2      | Bought a scroll of fog for 28 gold pieces
   677 | D:2      | Found a faded altar of an unknown god.
   741 | D:2      | Reached XP level 3. HP: 21/23 MP: 3/3
  1999 | D:3      | Noticed Robin
  2006 | D:3      | Reached XP level 4. HP: 26/29 MP: 4/4
  2026 | D:3      | Killed Robin
  2027 | D:3      | Reached skill level 3 in Maces & Flails
  2105 | D:3      | Found a glowing drain.
  2194 | Sewer    | Entered a sewer
  2428 | Sewer    | Noticed a kobold brigand
  2459 | Sewer    | Noticed a kobold brigand
  2502 | Sewer    | Killed a kobold brigand
  2503 | Sewer    | Reached skill level 4 in Maces & Flails
  2503 | Sewer    | Reached XP level 5. HP: 16/33 MP: 5/5
  2729 | Sewer    | Killed a kobold brigand
  2730 | Sewer    | Reached XP level 6. HP: 28/38 MP: 6/6
  2851 | Sewer    | Found a white marble altar of Elyvilon.
  3146 | D:3      | Found an iron altar of Okawaru.
  3514 | D:3      | Found a shimmering blue altar of Sif Muna.
  3547 | D:3      | Noticed Natasha
  3554 | D:3      | Killed Natasha
  3555 | D:3      | Reached skill level 5 in Maces & Flails
  3604 | D:3      | Noticed Natasha
  3616 | D:3      | Killed Natasha
  3770 | D:3      | Noticed Natasha
  3787 | D:3      | Killed Natasha
  4569 | D:3      | Reached skill level 1 in Dodging
  4569 | D:3      | Reached XP level 7. HP: 43/43 MP: 7/7
  4609 | D:4      | Reached skill level 6 in Maces & Flails
  4609 | D:4      | Reached skill level 5 in Armour
  4741 | D:4      | Found a white marble altar of Elyvilon.
  5640 | D:5      | Entered Level 5 of the Dungeon
  5652 | D:5      | Noticed Ijyb
  5718 | D:5      | Killed Ijyb
  5814 | D:5      | Reached XP level 8. HP: 40/48 MP: 8/8
  5832 | D:5      | Found a blossoming altar of Fedhas.
  5923 | D:5      | Found a radiant altar of Vehumet.
  5973 | D:5      | Reached skill level 7 in Maces & Flails
  6328 | D:5      | Found a glowing silver altar of Zin.
  6459 | D:5      | Found a sacrificial altar of Ru.
  6533 | D:6      | Noticed Grinder
  6539 | D:6      | Killed Grinder
  6540 | D:6      | Reached skill level 8 in Maces & Flails
  6795 | D:6      | HP: 2/48 [electric eel/bolt of electricity (3)]
  7240 | D:6      | Reached skill level 5 in Shields
  7240 | D:6      | Reached XP level 9. HP: 50/53 MP: 9/9
  7279 | D:6      | Reached skill level 5 in Fighting
  7353 | D:6      | Reached skill level 9 in Maces & Flails
  7860 | D:7      | Found a hide-covered altar of Uskayaw.
  8020 | D:7      | Found a staircase to the Ecumenical Temple.
  8080 | Temple   | Entered the Ecumenical Temple
  8529 | Temple   | Reached skill level 10 in Maces & Flails
  8796 | D:6      | Found Mibbatut's Distillery.
  8987 | D:6      | Bought a potion of berserk rage for 55 gold pieces
  8987 | D:6      | Bought a potion of curing for 33 gold pieces
  8987 | D:6      | Bought a potion of curing for 33 gold pieces
  8987 | D:6      | Bought a potion of curing for 33 gold pieces
  8987 | D:6      | Bought a potion of haste for 110 gold pieces
  9343 | D:7      | Reached XP level 10. HP: 51/60 MP: 10/10
  9359 | D:7      | Found a glowing golden altar of the Shining One.
  9366 | D:7      | Became a worshipper of the Shining One
  9561 | D:7      | Reached skill level 11 in Maces & Flails
  9872 | D:4      | Reached * piety under the Shining One
  9890 | D:4      | Found a basalt altar of Yredelemnul.
 10141 | D:8      | Found a runed translucent gate.
 10141 | D:8      | Found a runed translucent gate.
 10141 | D:8      | Found a runed translucent gate.
 10141 | D:8      | Noticed Gibbon's ghost (novice DrCj)
 10464 | D:8      | Reached ** piety under the Shining One
 10466 | D:8      | Noticed a two-headed ogre
 10786 | D:8      | Killed a two-headed ogre
 10787 | D:8      | Reached skill level 1 in Invocations
 11248 | D:8      | Reached skill level 12 in Maces & Flails
 11303 | D:8      | Found an opulent altar of Gozag.
 11830 | D:9      | Noticed a two-headed ogre
 12157 | D:9      | Noticed a two-headed ogre
 12170 | D:9      | Killed a two-headed ogre
 12171 | D:9      | Reached XP level 11. HP: 67/67 MP: 11/13
 12290 | D:9      | Killed a two-headed ogre
 12408 | D:9      | Noticed a two-headed ogre
 12701 | D:9      | Killed a two-headed ogre
 12702 | D:9      | Reached skill level 1 in Evocations
 12884 | D:9      | Found a bloodstained altar of Trog.
 13020 | D:10     | Entered Level 10 of the Dungeon
 13038 | D:9      | Reached skill level 13 in Maces & Flails
 13065 | D:10     | Noticed a sun demon
 13110 | D:10     | Reached *** piety under the Shining One
 13122 | D:10     | Noticed a two-headed ogre
 13134 | D:10     | Killed a two-headed ogre
 13138 | D:10     | HP: 5/102 [orc warrior (3)]
 13673 | D:10     | Noticed a stone giant
 13673 | D:10     | Noticed a cyclops
 13673 | D:10     | Noticed a frost giant
 13687 | D:10     | Noticed a two-headed ogre
 13708 | D:10     | HP: 1/68 [stone giant (19)]
 13710 | D:10     | The Shining One protects you from harm!
 13713 | D:10     | Demolished by a stone giant

Illustrated notes

Levels and vault maps discovered:
D:1:      dpeg_arrival_arbitrary_b, layout_basic, minmay_misc_feat_tiny,
          minmay_strange_pillars
D:2:      layout_basic, serial_shops, nicolae_shop_advertising_works
          [nicolae_subvault_shop_adworks], serial_curves, eino_curves_03,
          eino_curves_03, shapermc_ecumenical_altar_flowoftime
D:3:      minmay_bubble_buster, layout_basic, nicolae_sif_muna_little_library,
          okawaru_ov_weapons_minmay, gup_sewer_entry_pipe, uniq_natasha,
          uniq_robin
D:4:      layout_loops_ring, elyvilon_altar_5,
          lemuel_mausoleum_altar_yredelemnul
D:5:      layout_cave_pools, kennysheep_little_box, lemuel_crystal_altar,
          mainiacjoe_overflow_surrounded_room, marbit_many_paths, uniq_ijyb
D:6:      layout_loops_ring, serial_shops, shop, serial_undead, serial_undead_c,
          serial_undead_f, serial_undead_e, serial_undead_e, serial_undead_f,
          serial_undead_f, serial_undead_a, serial_undead_f,
          minmay_ogre_servants, uniq_grinder
D:7:      layout_layer_cave, nicolae_tso_carved_into_rock,
          mainiacjoe_overflow_tiny_flanked, minmay_temple_entry_mist
D:8:      layout_basic, lemuel_coloured_pillars_altar,
          gammafunk_ghost_necromancy
D:9:      layout_basic, overflow_temple_1_default, grunt_ministairs_5
D:10:     nzn_winding_woodlands_three_and_one [nzn_winding_woodlands_5x15_cabin,
          nzn_winding_woodlands_5x15_pool, nzn_winding_woodlands_5x15_parted,
          nzn_winding_woodlands_center_lodge], layout_irregular_city,
          nicolae_sextant, uniq_psyche
Temple:   chequers_temple_sunken

Skill      XL: |  1  2  3  4  5  6  7  8  9 10 11 |
---------------+----------------------------------+-----
Armour         | 4 5 6 7 8 |  8.0
Maces & Flails | 4 5 6 8 10 12 13 | 13.4
Shields        | 4 5 6 |  6.1
Fighting       | 4 5 7 |  7.9
Dodging        | 1 2 3 |  3.8
Invocations    | 2 4 |  4.2
Evocations     | 1 |  1.5

Action                   |  1- 3 |  4- 6 |  7- 9 | 10-12 || total
-------------------------+-------+-------+-------+-------++-------
Melee: Flail             |   116 |   283 |   547 |   431 ||  1377
       Unarmed           |       |       |     7 |       ||     7
Throw: Dart              |       |     2 |       |       ||     2
Evoke: Wand              |       |       |       |    12 ||    12
  Use: Scroll            |     2 |     4 |     3 |     6 ||    15
       Potion            |       |     5 |     3 |     3 ||    11
Armor: Scale mail        |    79 |   154 |   348 |   199 ||   780
       Skin              |       |       |     2 |       ||     2
Dodge: Dodged            |    54 |   110 |   250 |   169 ||   583
Block: Buckler           |    22 |    62 |   108 |    94 ||   286
